 Dungeon Crawl Stone Soup version 0.20.1-1-g8b1a95d (webtiles) character file.

1570 KleinerIrrer the Archer (level 8, -13/70 HPs)
             Began as a Centaur Hunter on July 7, 2017.
             Mangled by a manticore (22 damage)
             ... on level 6 of the Dungeon.
             The game lasted 00:16:45 (5488 turns).

KleinerIrrer the Archer (Centaur Hunter)            Turns: 5488, Time: 00:16:46

Health: -13/70     AC:  8    Str: 15    XL:     8   Next: 59%
Magic:  8/8        EV: 13    Int: 10    God:
Gold:   291        SH:  0    Dex: 17    Spells: 7/7 levels left

rFire    . . .     SeeInvis .   a - +1 shortbow
rCold    . . .     Gourm    .   (shield currently unavailable)
rNeg     . . .     Faith    .   t - +2 scale mail {MR+}
rPois    .         Spirit   .   (no helmet)
rElec    .         Reflect  .   (no cloak)
rCorr    .         Harm     .   (no gloves)
MR       +....                  (no barding)
Stlth    +.........             (no amulet)
Regen    0.3/turn               g - ring of wizardry
MPRegen  0.2/turn               (no ring)

@: agile, barbed spikes, very slightly contaminated, invisible, very quick
A: hooves 3, deformed body, speed 2, tough skin 3
a: no special abilities


You were on level 6 of the Dungeon.
You were not hungry.

You visited 1 branch of the dungeon, and saw 8 of its levels.

You collected 291 gold pieces.

Inventory:

Hand Weapons
 a - a +1 shortbow (weapon)
 u - a +1 short sword of draining
 y - a cursed -3 hand axe
Missiles
 h - 79 arrows (quivered)
Armour
 c - a +0 leather armour
 t - a +2 scale mail of magic resistance (worn)
 w - the +1 robe of Sif Muna's Castigation {rN+}
   (You found it on level 4 of the Dungeon)

   It protects you from negative energy.
 J - the cursed +0 robe of Qazlal's Approval {+Inv rF++ rC+ MP-9, unknown}
   (You found it on level 6 of the Dungeon)

   It greatly protects you from fire.
   It protects you from cold.
   It affects your magic capacity (-9).
   It lets you turn invisible.
   It has a curse placed upon it.
Magical Staves
 v - an uncursed staff of fire {unknown}
 B - an uncursed staff of fire {unknown}
Jewellery
 g - a ring of wizardry (left hand)
 A - an uncursed ring of wizardry
 K - an uncursed amulet of magic regeneration {unknown}
Wands
 d - a wand of confusion (17/48)
 l - a wand of enslavement (13/24)
 I - a wand of flame (31/48)
Scrolls
 i - 2 scrolls of immolation
 j - 2 scrolls of teleportation
 n - a scroll of noise {unknown}
 p - a scroll of fog {unknown}
 q - a scroll of recharging {unknown}
 r - 2 scrolls of enchant weapon {unknown}
 C - a scroll of brand weapon {unknown}
 E - a scroll of fear {unknown}
Potions
 m - a potion of brilliance
 z - 4 potions of curing
 H - a potion of lignification
Books
 b - a book of Misfortune

   Spells                             Type                      Level
   a - Confusing Touch                Hexes                        1
   b - Confuse                        Hexes                        3
   c - Gell's Gravitas                Translocation                3
   d - Petrify                        Transmutation/Earth          4
   e - Metabolic Englaciation         Hexes/Ice                    5
   f - Yara's Violent Unravelling     Hexes/Transmutation          5
Comestibles
 f - 4 bread rations
 k - 2 meat rations
 x - 4 royal jellies
 F - 9 chunks of flesh
 G - a fruit


   Skills:
 + Level 5.8 Fighting
 + Level 11.3 Bows
 + Level 3.0 Armour
 + Level 2.3 Dodging
 - Level 0.4 Stealth


You had 7 spell levels left.
You didn't know any spells.

Dungeon Overview and Level Annotations

Branches:
Dungeon (8/15)
 Temple: D:4-7         Lair: D:8-11

Altars:
Ashenzari
Cheibriados
Dithmenos
Elyvilon
Fedhas
Gozag
Hepliaklqana
Nemelex Xobeh
Yredelemnul

Shops:
D:8 %


Innate Abilities, Weirdness & Mutations

You have hooves in place of feet.
Armour fits poorly on your strangely shaped body.
You cover ground very quickly.
You have extremely tough skin. (AC +3)


Message History

The manticore bites you. The manticore closely misses you.
The manticore claws you!
You feel agile all of a sudden. The manticore closely misses you.
The manticore claws you! The manticore claws you.
You feel much better. The manticore bites you!!
* * * LOW HITPOINT WARNING * * *
The manticore completely misses you.
The manticore claws you but does no damage.
You are too injured to fight recklessly!
You are too injured to fight recklessly!
You fade into invisibility!
The manticore bites you.
* * * LOW HITPOINT WARNING * * *
The manticore claws you!
* * * LOW HITPOINT WARNING * * *
The manticore misses you.
You are very lightly contaminated with residual magic.
The manticore bites you!!
You die...

#.............. ......
###.#........## . .♣...
#............ .. ...>
###.........# ... $.(
##........#. ..$. ..
####........... ..#..♣(
##............##
......H##.....###.##..#
#......@[.....###..#..#
#....##.......#....#..#
#.............#.##.#..##
##..............##......
#........###...........
...#.....# ##....#.....
#..#.....# #.##.......
#. #............##.....
#.....#...... #.....


You could see a manticore.

Vanquished Creatures
  3 ogres
  A black bear (D:8)
  3 ice beasts
  2 centaurs
  A bullfrog (D:7)
  A big kobold (D:8)
  A wyvern zombie (D:4)
  5 howler monkeys
  A jelly (D:8)
  An iguana (D:4)
  Ijyb (D:3)
  A worker ant (D:6)
  2 orc wizards
  8 adders
  5 gnolls
  A shadow imp (D:8)
  An ooze (D:2)
  4 worms
  A dart slug (D:2)
  3 leopard geckos
  5 orcs
  5 ball pythons
  9 bats
  4 giant cockroaches
  6 goblins
  9 hobgoblins
  4 jackals
  4 quokkas
  6 frilled lizards
  13 kobolds
  8 rats
119 creatures vanquished.

Notes
Turn   | Place    | Note
-------+----------+-------------------------------------------
     0 | D:1      | KleinerIrrer the Centaur Hunter began the quest for the Orb.
     0 | D:1      | Reached XP level 1. HP: 17/17 MP: 1/1
   127 | D:1      | Reached XP level 2. HP: 14/24 MP: 2/2
   381 | D:1      | Reached skill level 6 in Bows
   484 | D:1      | Reached XP level 3. HP: 11/30 MP: 3/3
  1403 | D:2      | Found a snail-covered altar of Cheibriados.
  1409 | D:2      | Found an opulent altar of Gozag.
  1628 | D:2      | Found a blossoming altar of Fedhas.
  2079 | D:2      | Found a blossoming altar of Fedhas.
  2100 | D:2      | Reached XP level 4. HP: 37/37 MP: 4/4
  2372 | D:3      | Reached skill level 7 in Bows
  2396 | D:3      | Found a hazy altar of Hepliaklqana.
  2453 | D:3      | Noticed an ogre
  2460 | D:3      | Noticed Ijyb
  2477 | D:3      | Killed an ogre
  2477 | D:3      | Reached skill level 8 in Bows
  2477 | D:3      | Reached XP level 5. HP: 19/45 MP: 5/5
  2573 | D:3      | Killed Ijyb
  2950 | D:3      | Found a white marble altar of Elyvilon.
  2988 | D:3      | Noticed an ice beast
  3065 | D:2      | Reached XP level 6. HP: 29/51 MP: 6/6
  3288 | D:3      | Killed an ice beast
  3288 | D:3      | Reached skill level 9 in Bows
  3379 | D:3      | Found a basalt altar of Yredelemnul.
  3379 | D:3      | Found a shattered altar of Ashenzari.
  3797 | D:4      | Reached XP level 7. HP: 59/59 MP: 7/7
  3899 | D:4      | Reached skill level 1 in Armour
  4073 | D:4      | Got a tattered robe
  4084 | D:4      | Identified the cursed +1 robe of Sif Muna's Castigation {rN+} (You found it on level 4 of the Dungeon)
  4168 | D:4      | You fall through a shaft!
  4168 | D:5      | Entered Level 5 of the Dungeon
  4205 | D:5      | You fall through a shaft for 3 floors!
  4527 | D:8      | Reached skill level 10 in Bows
  4571 | D:8      | Found a shadowy altar of Dithmenos.
  4590 | D:8      | Reached XP level 8. HP: 32/67 MP: 8/8
  4840 | D:8      | Reached skill level 5 in Fighting
  5013 | D:8      | Found Penopuy's Food Boutique.
  5195 | D:7      | Reached skill level 11 in Bows
  5359 | D:7      | Found a sparkling altar of Nemelex Xobeh.
  5432 | D:6      | Got a creamy pearl robe
  5477 | D:6      | Noticed a manticore
  5488 | D:6      | Mangled by a manticore

Skill      XL: |  1  2  3  4  5  6  7  8 |
---------------+-------------------------+-----
Bows           | 6 8 9 10 11 | 11.3
Fighting       | 3 4 5 |  5.8
Armour         | 2 3 |  3.0
Dodging        | 2 |  2.3
Stealth        | |  0.4

Action                   |  1- 3 |  4- 6 |  7- 9 || total
-------------------------+-------+-------+-------++-------
Melee: Short sword       |    83 |    80 |    56 ||   219
       Kick              |    12 |    14 |    11 ||    37
 Fire: Shortbow          |    78 |   124 |   118 ||   320
  Use: Potion            |       |     1 |     3 ||     4
       Scroll            |       |       |     9 ||     9
  Eat: Chunk             |     2 |     5 |     4 ||    11
Armor: Leather armour    |    42 |     8 |       ||    50
       Scale mail        |       |    48 |    62 ||   110
Dodge: Dodged            |    51 |    51 |    42 ||   144
